 Dungeon Crawl Stone Soup version 0.26-a0-540-g8a0c9464d7 (webtiles) character file.

Game seed: 11124449810447596876

571 HammerPanzer the Cudgeler (level 7, -3/56 HPs)
             Began as a Demonspawn Berserker on Aug 22, 2020.
             Was a Believer of Trog.
             Slain by a wyvern (10 damage)
             ... on level 5 of the Dungeon.
             The game lasted 00:08:41 (3982 turns).

HammerPanzer the Cudgeler (Demonspawn Berserker)    Turns: 3982, Time: 00:08:42

Health: -3/56      AC: 11    Str: 19    XL:     7   Next: 12%
Magic:  7/7        EV:  8    Int:  9    God:    Trog [**....]
Gold:   43         SH:  0    Dex: 12    Spells: 6/6 levels left

rFire    . . .     SeeInvis .   p - +0 scimitar (vorpal)
rCold    . . .     Faith    .   (no shield)
rNeg     . . .     Spirit   .   a - +0 plate armour
rPois    .         Reflect  .   (no helmet)
rElec    .         Harm     .   (no cloak)
rCorr    .                      (no gloves)
MR       .....                  g - +0 pair of boots
Stlth    ..........             h - amulet of the acrobat
HPRegen  0.18/turn              (no ring)
MPRegen  0.10/turn              (no ring)

@: no status effects
A: demonic guardian 1, sturdy frame 2
a: Berserk, Trog's Hand, Renounce Religion


You were on level 5 of the Dungeon.
You worshipped Trog.
Trog was pleased with you.
You visited 1 branch of the dungeon, and saw 5 of its levels.

You collected 123 gold pieces.
You spent 80 gold pieces at shops.

Inventory:

Hand Weapons
 l - a +0 flail
 p - a +0 vorpal scimitar (weapon)
 q - a +0 long sword
Missiles
 d - 29 poisoned darts (quivered)
Armour
 a - a +0 plate armour (worn)
 g - a +0 pair of boots (worn)
Jewellery
 h - an amulet of the acrobat (around neck)
Wands
 o - a wand of random effects (22)
Scrolls
 e - 2 scrolls of remove curse
 k - 2 scrolls of teleportation
 n - a scroll of enchant armour
Potions
 b - 2 potions of curing
 c - 2 potions of magic {unknown}
 f - 2 potions of lignification
 i - a potion of might
 j - 2 potions of heal wounds {unknown}
 m - 2 potions of brilliance {unknown}


   Skills:
 + Level 5.2 Fighting
 * Level 0.6 Long Blades
 + Level 6.2 Maces & Flails
 + Level 1.9 Armour
 + Level 1.9 Dodging


You had 6 spell levels left.
You didn't know any spells.
Your spell library was empty.

Dungeon Overview and Level Annotations

Branches:
Dungeon (5/15)
 Temple: D:4-7

Altars:
Ashenzari
Cheibriados
Gozag
Okawaru
Sif Muna
Uskayaw
Wu Jian
Zin

Shops:
D:4 [(*[[


Innate Abilities, Weirdness & Mutations

A weak demonic guardian rushes to your aid.
Your movements are less encumbered by armour. (ER -4)


Message History

Your white imp hits the wyvern but does no damage.
The wyvern bites you.
Your white imp barely misses the wyvern.
You barely miss the wyvern.
The wyvern is heavily wounded.
The wyvern bites you!
Your white imp gestures at the wyvern.
The puff of frost hits the wyvern.
The wyvern bites your white imp!
Your white imp dies!
You closely miss the wyvern.
The wyvern hisses angrily.
The wyvern is severely wounded.
The wyvern bites you! The wyvern bites you.
* * * LOW HITPOINT WARNING * * *
You slash the wyvern!
The wyvern is almost dead.
The wyvern bites you!
* * * LOW HITPOINT WARNING * * *
The wyvern bites you!
You die...

##### ####...#
#......# ..##
#.###..# ...#
#.###.?# #..#
#.###l.#
##..####.5#@..#
#...(.....#...# .
#...####.._...#
>...#...####..#...#
..............#...#
.##.....####.###..#
#.#...####.###[.#
#...^......###..#
###...####......#


You could see a wyvern and a friendly iron imp (summoned).

Vanquished Creatures
  An ice beast (D:3)
  A bullfrog (D:5)
  An orc wizard (D:2)
  A worker ant (D:4)
  7 adders
  An ooze (D:2)
  An adder skeleton (D:4)
  A worm (D:2)
  A dart slug (D:4)
  3 leopard geckos
  5 orcs
  3 bats (D:1)
  4 giant cockroaches
  4 goblins
  8 hobgoblins
  4 jackals (D:2)
  2 quokkas
  A frilled lizard (D:2)
  4 kobolds (D:1)
  5 rats
58 creatures vanquished.

Vanquished Creatures (collateral kills)
  Grinder (D:4)
  A hound (D:4)
  2 orc priests (D:4)
  A dart slug (D:5)
5 creatures vanquished.

Grand Total: 63 creatures vanquished

Notes
Turn   | Place    | Note
-------+----------+-------------------------------------------
     0 | D:1      | HammerPanzer the Demonspawn Berserker began the quest for
                  | the Orb.
     0 | D:1      | Reached XP level 1. HP: 18/18 MP: 1/1
   228 | D:1      | Reached skill level 3 in Maces & Flails
   275 | D:1      | Gained mutation: Your movements are slightly less
                  | encumbered by armour. (ER -2) [demonic ancestry]
   275 | D:1      | Reached XP level 2. HP: 22/24 MP: 2/2
   638 | D:2      | Found an iron altar of Okawaru.
   654 | D:2      | Reached XP level 3. HP: 26/29 MP: 3/3
  1007 | D:2      | Found a hide-covered altar of Uskayaw.
  1055 | D:2      | Found an opulent altar of Gozag.
  1066 | D:2      | Reached ** piety under Trog
  1071 | D:2      | Reached skill level 4 in Maces & Flails
  1071 | D:2      | Gained mutation: Your movements are less encumbered by
                  | armour. (ER -4) [demonic ancestry]
  1071 | D:2      | Reached XP level 4. HP: 23/37 MP: 4/4
  1358 | D:2      | Found an ornate altar of the Wu Jian Council.
  1883 | D:2      | Found a shimmering blue altar of Sif Muna.
  1967 | D:2      | Found a glowing silver altar of Zin.
  2268 | D:3      | Noticed an ice beast
  2279 | D:3      | Killed an ice beast
  2279 | D:3      | Reached skill level 5 in Maces & Flails
  2279 | D:3      | Gained mutation: A weak demonic guardian rushes to your
                  | aid. [demonic ancestry]
  2279 | D:3      | Reached XP level 5. HP: 17/43 MP: 5/5
  3332 | D:4      | Found Quvvileta's General Store.
  3339 | D:4      | Noticed Grinder
  3348 | D:4      | Killed Grinder
  3348 | D:4      | Reached skill level 5 in Fighting
  3348 | D:4      | Reached XP level 6. HP: 40/51 MP: 6/6
  3451 | D:4      | Found a snail-covered altar of Cheibriados.
  3489 | D:4      | Found Gywigu's Armour Emporium.
  3503 | D:4      | Found Heiveymu's Antique Armour Boutique.
  3566 | D:4      | Reached skill level 6 in Maces & Flails
  3760 | D:4      | Found Borchaah's Weapon Shoppe.
  3767 | D:4      | Bought a +0 vorpal scimitar for 80 gold pieces
  3799 | D:4      | Found Tuemipniroa's Antique Armour Emporium.
  3884 | D:5      | Entered Level 5 of the Dungeon
  3894 | D:5      | Reached XP level 7. HP: 56/56 MP: 7/7
  3952 | D:5      | Found a shattered altar of Ashenzari.
  3973 | D:5      | Noticed a wyvern
  3982 | D:5      | Slain by a wyvern

Illustrated notes

Levels and vault maps discovered:
D:1:      lightli_arrival_farm, layout_basic
D:2:      layout_basic, grunt_temple_overflow_open, lemuel_round_altar,
          serial_forest, infiniplex_forest_clump_long,
          infiniplex_forest_zigzag_1, infiniplex_forest_lined_3,
          infiniplex_forest_clump_large, infiniplex_forest_clump_tiny,
          infiniplex_forest_straight_5, infiniplex_forest_clump_double,
          lemuel_blue_sif_altar
D:3:      layout_basic, glass_columns_b
D:4:      layout_rooms, kennysheep_slug_shrine, serial_shops,
          nicolae_shop_trees, shop, shop, shop, kennysheep_mini, uniq_grinder
D:5:      layout_loops_ring, lemuel_doored_altar, cheibrodos_ashenzari_chains

Skill      XL: |  1  2  3  4  5  6 |
---------------+-------------------+-----
Maces & Flails | 3 4 5 6 |  6.2
Fighting       | 4 5 |  5.2
Long Blades    | |  0.6
Armour         | |  1.9
Dodging        | |  1.9

Action                   |  1- 3 |  4- 6 |  7- 9 || total
-------------------------+-------+-------+-------++-------
Melee: Mace              |    73 |    68 |       ||   141
       Flail             |       |    50 |       ||    50
       Scimitar          |       |     5 |    11 ||    16
Invok: Berserk           |       |     1 |       ||     1
  Use: Scroll            |     4 |     6 |       ||    10
Armor: Ring mail         |    33 |    22 |       ||    55
       Plate armour      |       |    18 |     6 ||    24
Dodge: Dodged            |    55 |    79 |     5 ||   139
       Rpst.: Scimitar   |       |     1 |       ||     1

Table legend: (Time is in decaauts)
 A = Elapsed time spent in this place.
 B = Non-inter-level travel time spent in this place.
 C = Inter-level travel time spent in this place.
 D = Time resting spent in this place.
 E = Time spent auto-exploring this place.
 F = Levels seen in this place.
 G = Mean time per level.
                   A        B        C        D        E       F      G
               +--------+--------+--------+--------+--------+-----+--------+
         Total |   4057 |   3812 |    245 |    980 |   2133 |   5 |  811.4 |
       Dungeon |   4057 |   3812 |    245 |    980 |   2133 |   5 |  811.4 |
               +--------+--------+--------+--------+--------+-----+--------+

Top non-repeatable levels by time:
     D:2: 1310 daAuts
     D:3: 1015 daAuts
     D:1: 982 daAuts
     D:4: 646 daAuts
     D:5: 103 daAuts
